 Dungeon Crawl Stone Soup version 0.18-a0-1784-ga939a68 (webtiles) character file.

100 Zhenya25pyc the Skirmisher (level 4, -2/29 HPs)
             Began as a Gargoyle Fighter on Apr 18, 2016.
             Slain by Sigmund
             ... wielding a +0 scythe
              (6 damage)
             ... on level 2 of the Dungeon.
             The game lasted 00:09:07 (856 turns).

Zhenya25pyc the Skirmisher (Gargoyle Fighter)        Turns: 856, Time: 00:09:07

Health: -2/29      AC: 13    Str: 21    XL:     4   Next: 74%
Magic:  4/4        EV:  7    Int:  8    God:
Gold:   35         SH:  9    Dex:  9    Spells: 0 memorised, 3 levels left

rFire  . . .     SeeInvis .     a - +0 flail
rCold  . . .     Gourm    .     b - +0 scale mail
rNeg   + . .     Faith    .     c - +0 shield
rPois  ∞         Spirit   .     l - +2 helmet
rElec  +         Dismiss  .     (no cloak)
rCorr  .         Reflect  .     (no gloves)
SustAt .         Harm     .     (no boots)
MR     .....                    (no amulet)
Stlth  ..........               (no ring)
                                (no ring)

@: not resistant to hostile enchantments, extremely unstealthy
A: negative energy resistance 1, electricity resistance, unbreathing,
petrification resistance, rot immunity, AC +3
a: no special abilities


You were on level 2 of the Dungeon.
You were not hungry.

You visited 1 branch of the dungeon, and saw 2 of its levels.

You collected 35 gold pieces.

Inventory:

Hand Weapons
 a - a +0 flail (weapon)
Armour
 b - a +0 scale mail (worn)
 c - a +0 shield (worn)
 l - a +2 helmet (worn)
Scrolls
 e - 3 scrolls of teleportation {unknown}
 h - a scroll of noise {unknown}
 i - a scroll of recharging {unknown}
 j - 3 scrolls of identify {unknown}
Potions
 d - a potion of might
 k - 2 potions of mutation {unknown}
Comestibles
 f - 2 bread rations
 g - 5 fruits


   Skills:
 + Level 4.1 Fighting
 * Level 3.3 Maces & Flails
 + Level 4.1 Armour
 + Level 0.8 Dodging
 - Level 3.2 Shields


You had 3 spell levels left.
You didn't know any spells.

Dungeon Overview and Level Annotations

Branches:
Dungeon (2/15)

Altars:

Annotations:
D:2 Sigmund


Innate Abilities, Weirdness & Mutations

You are resistant to torment.
Your stone body is resilient (AC +3).
You are immune to poison.
You resist negative energy.
You are resistant to electric shocks.
You can survive without breathing.
You are immune to petrification.
You are immune to rotting.


Message History

You barely miss the hobgoblin.
The hobgoblin is almost dead.
The hobgoblin hits you but does no damage.
You block the gnoll's attack.
Items here: ( )) † a dagger; a hunting sling; 15 stones; a goblin corpse You barely miss the hobgoblin.
The hobgoblin is almost dead.
You block the hobgoblin's attack. Sigmund hits you but does no damage.
The hobgoblin hits you but does no damage.
You sock the hobgoblin!
You kill the hobgoblin!
Sigmund hits you but does no damage. Sigmund hits you with a scythe.
* * * LOW HITPOINT WARNING * * *
The gnoll barely misses you.
You hit Sigmund.
Sigmund is lightly wounded.
The gnoll hits you but does no damage. Sigmund hits you with a scythe.
You die...

#...........##...
#......%....'...#
.#...........##..#
.............'...#
#...........##.##
#...........##.##
#.##..g..........
#.##.#@#######.##
#.##.#@# #
.#.##.#)#######.
................
##.##.#.###.###.
#.##.#.........
#.##.#.###.....
#######......# ##.
#...<......###
#######.####


You could see Sigmund and a gnoll.

Vanquished Creatures
  Robin (D:2)
  4 gnolls
  An ooze (D:1)
  2 dart slugs (D:1)
  2 giant geckos (D:1)
  2 giant cockroaches (D:1)
  11 goblins
  5 hobgoblins
  2 jackals (D:1)
  6 bats (D:1)
  A giant newt (D:1)
  A kobold (D:1)
  3 rats (D:1)
41 creatures vanquished.

Notes
Turn   | Place    | Note
--------------------------------------------------------------
     0 | D:1      | Zhenya25pyc the Gargoyle Fighter began the quest for the Orb.
     0 | D:1      | Reached XP level 1. HP: 14/14 MP: 1/1
    84 | D:1      | Reached XP level 2. HP: 19/19 MP: 2/2
   256 | D:1      | Reached XP level 3. HP: 20/24 MP: 3/3
   724 | D:2      | Noticed Robin
   748 | D:2      | Killed Robin
   748 | D:2      | Reached XP level 4. HP: 28/29 MP: 4/4
   822 | D:2      | Noticed Sigmund
   856 | D:2      | Slain by Sigmund

Vault maps used:
D:1:      dpeg_arrival_houses_and_road
D:2:      lemuel_round_altar, first_bread, serial_bayou_pond_a, uniq_robin,
          uniq_sigmund, uniq_terence

Skill      XL: |  1  2  3  4 |
---------------+-------------+-----
Fighting       | 4 |  4.1
Maces & Flails | 3 |  3.3
Armour         | 4 |  4.1
Dodging        | |  0.8
Shields        | |  3.2

Action                   |  1- 3 |  4- 6 || total
-------------------------+-------+-------++-------
Melee: Flail             |   127 |    43 ||   170
Armor: Scale mail        |    83 |    32 ||   115
Dodge: Dodged            |    49 |    14 ||    63
Block: Shield            |    75 |    30 ||   105
